Map: Sacred Grounds

Players

Breakfast

  • Race: Terran Terran
  • Spawn Location: 6:00

Cthulhu

  • Race: Terran Terran
  • Spawn Location: 6:00

Throwfordays

  • Race: Protoss Protoss
  • League: Bronze
  • Spawn Location: 6:00

Faust

  • Race: Zerg Zerg
  • League: Platinum
  • Spawn Location: 6:00

Geno

  • Race: Zerg Zerg
  • Spawn Location: 12:00

Link

  • Race: Zerg Zerg
  • Spawn Location: 12:00

BioLogical

  • Race: Zerg Zerg
  • League: Master
  • Spawn Location: 12:00

SUPERBRUNO

  • Race: Zerg Zerg
  • Spawn Location: 12:00

VOD

Have the link to the VOD?

Description

Time

  • Played on: Jan. 28, 2019, 12:52 p.m.
  • Length: 5:55
Show
View Real Time Build Order
Export as new Build Order

Breakfast Terran 

Build Orders:  

Get SALT Encoding   

  12  0:03  SCV  
  13  0:27  Supply Depot  
  13  0:28  SCV  
  14  0:40  SCV  
  15  0:54  Supply Depot  
  15  0:59  SCV  
  16  1:06  Barracks  
  16  1:19  Barracks  
  16  1:23  SCV  
  17  1:35  SCV  
  17  1:37  Refinery  
  18  1:52  SCV  
  19  1:56  Marine  
  20  2:04  SCV  
  21  2:14  Marine  
  22  2:16  SCV, Engineering Bay  
  22  2:21  Marine  
  24  2:31  Refinery  
  24  2:32  Marine  
  25  2:39  Marine  
  25  2:43  Engineering Bay  
  26  2:50  Marine  
  27  2:56  Terran Infantry Weapons Level 1  
  27  2:57  Marine  
  28  3:07  Marine  
  29  3:15  Marine  
  30  3:22  Supply Depot  
  30  3:25  Marine  
  31  3:30  Terran Infantry Armor Level 1  
  31  3:44  SCV  
  31  3:45  Supply Depot  
  32  4:02  Orbital Command  
  32  4:07  Supply Depot  
  32  4:09  Marine x2  
  34  4:31  Supply Depot, Barracks Tech Lab  
  34  4:33  Barracks Tech Lab  
  34  4:55  Supply Depot  
  34  4:56  SCV  
  35  5:08  Factory  
  35  5:17  Supply Depot  
  35  5:20  Marine x2  
Show
View Real Time Build Order
Export as new Build Order

Cthulhu Terran 

Build Orders: 2 Factory 

Get SALT Encoding   

  12  0:01  SCV  
  13  0:13  SCV  
  14  0:24  Supply Depot  
  14  0:25  SCV  
  15  0:30  Refinery  
  15  0:45  SCV  
  15  0:48  Barracks  
  16  0:57  SCV  
  16  0:59  Refinery  
  17  1:10  SCV  
  18  1:23  SCV  
  19  1:36  SCV  
  20  1:40  Factory  
  20  1:42  Marine  
  21  1:54  Orbital Command  
  21  2:18  Supply Depot  
  22  2:22  SCV  
  22  2:24  Marine  
  23  2:39  Supply Depot, Hellion  
  25  2:59  Marine  
  25  3:14  Hellion, Factory  
  25  3:15  SCV  
  28  3:20  Engineering Bay  
  28  3:25  Armory  
  28  3:27  SCV  
  28  3:28  Marine  
  30  3:39  SCV  
  31  3:47  Factory Tech Lab  
  31  3:49  Marine  
  32  4:08  Hellion x2  
  32  4:09  Infernal Pre-Igniter  
  32  4:12  Factory  
  32  4:14  SCV  
  32  4:15  Marine  
  34  4:35  Hellion x2  
  24  5:12  SCV, Hellion  
  24  5:14  Hellion  
  22  5:16  Hellion  
  18  5:28  SCV  
Show
View Real Time Build Order
Export as new Build Order

Throwfordays Protoss 

Build Orders:  

Get SALT Encoding   

  12  0:01  Probe  
  13  0:14  Probe  
  14  0:23  Pylon  
  14  0:26  Probe  
  15  0:31  Pylon  
  15  0:49  Probe  
  16  0:50  Gateway  
  16  0:55  Assimilator  
  16  1:01  Probe  
  17  1:13  Probe  
  18  1:25  Probe  
  19  1:37  Cybernetics Core  
  19  1:38  Probe  
  20  1:50  Nexus  
  20  1:58  Assimilator  
  20  2:00  Warp Gate  
  20  2:07  Gateway  
  20  2:23  Probe  
  21  2:30  Adept  
  23  2:55  Pylon  
  23  2:58  Pylon  
  23  3:02  Probe  
  23  3:05  Pylon  
  24  3:11  Probe  
  25  3:14  Probe  
  26  3:23  Probe  
  26  3:26  Forge, Probe  
  28  3:35  Probe  
  28  3:38  Probe  
  28  3:41  Gateway  
  30  3:47  Probe  
  31  3:48  Gateway  
  31  3:50  Probe  
  32  3:59  Probe  
  32  4:02  Probe  
  34  4:07  Pylon  
  34  4:11  Probe  
  34  4:14  Probe  
  34  4:16  Adept x2  
  40  4:23  Probe  
  41  4:25  Twilight Council  
  41  4:27  Probe  
  41  4:30  Robotics Facility  
  42  4:36  Probe  
  43  4:39  Probe  
  44  4:45  Assimilator  
  44  4:47  Assimilator  
  44  4:50  Probe  
  45  4:53  Probe  
  45  4:57  Adept x3  
  52  5:02  Probe  
  52  5:06  Probe  
  54  5:18  Probe  
  49  5:46  Stalker  
  49  5:47  Stalker x3  
Show
View Real Time Build Order
Export as new Build Order

Faust Zerg 

Build Orders: Hatch First 

Get SALT Encoding   

  12  0:01  Drone  
  13  0:12  Drone  
  14  0:17  Extractor, Drone  
  15  0:24  Overlord  
  15  0:43  Drone x2  
  17  0:58  Drone  
  17  1:02  Hatchery  
  17  1:04  Extractor  
  16  1:05  Drone  
  17  1:18  Spawning Pool  
  16  1:22  Drone  
  17  1:27  Drone  
  17  1:28  Drone  
  19  1:43  Drone  
  20  1:50  Overlord  
  20  2:05  Metabolic Boost  
  20  2:09  Queen  
  22  2:18  Queen  
  22  2:19  Zergling x4  
  26  2:32  Zergling x6  
  29  2:38  Zergling x2  
  30  2:45  Zergling x2  
  31  2:52  Zergling x2  
  32  3:10  Zergling x8  
  36  3:14  Lair  
  36  3:25  Overlord  
  36  4:06  Baneling Nest  
  32  4:11  Zergling x2  
  32  4:12  Zergling x10  
  32  4:15  Overlord x2  
  32  4:42  Drone  
  32  4:43  Drone x11  
  34  5:12  Zergling x16  
  23  5:14  Zergling x2  
  23  5:16  Zergling x4  
Show
View Real Time Build Order
Export as new Build Order

Geno Zerg 

Build Orders: Hatch First, Zergling Baneling 

Get SALT Encoding   

  12  0:04  Drone  
  13  0:15  Drone  
  13  0:18  Overlord  
  14  0:37  Drone x3  
  17  0:59  Drone  
  17  1:00  Hatchery  
  17  1:06  Drone  
  17  1:09  Extractor  
  17  1:19  Spawning Pool  
  17  1:20  Drone  
  17  1:33  Drone x2  
  19  1:48  Drone  
  20  1:54  Overlord  
  20  2:05  Drone  
  21  2:14  Queen x2  
  25  2:15  Metabolic Boost  
  25  2:17  Drone  
  25  2:21  Drone  
  27  2:40  Drone  
  27  2:41  Drone  
  27  2:42  Drone x2  
  31  2:45  Extractor  
  31  2:47  Drone  
  31  2:48  Overlord  
  31  3:08  Lair  
  31  3:11  Baneling Nest  
  30  3:13  Zergling x2  
  30  3:14  Zergling x6  
  34  3:26  Zergling x2  
  35  3:27  Zergling x14  
  35  3:31  Overlord  
  42  3:59  Zergling x14  
  42  4:00  Zergling x2  
  50  4:21  Baneling x4  
  50  4:22  Baneling x5  
  50  4:23  Baneling  
  50  4:24  Zergling x2  
  50  4:25  Zergling x2  
  50  4:28  Overlord x2  
  52  4:34  Extractor  
  52  4:36  Extractor  
  40  5:29  Drone x4  
  40  5:30  Drone x10  
  54  5:36  Spore Crawler  
  54  5:39  Spore Crawler  
Show
View Real Time Build Order
Export as new Build Order

Link Zerg 

Build Orders: Hatch First 

Get SALT Encoding   

  12  0:01  Drone  
  13  0:13  Overlord  
  13  0:18  Drone  
  14  0:31  Drone x2  
  14  0:35  Drone  
  17  0:46  Drone  
  18  0:59  Hatchery  
  18  1:02  Drone  
  18  1:07  Drone  
  19  1:18  Spawning Pool  
  18  1:21  Extractor  
  18  1:24  Extractor  
  16  1:27  Drone  
  16  1:30  Drone  
  18  1:39  Drone  
  19  1:53  Drone  
  20  2:01  Drone  
  21  2:11  Drone x2  
  21  2:13  Queen x2  
  27  2:16  Metabolic Boost  
  27  2:25  Drone  
  27  2:28  Overlord  
  28  2:49  Zergling x8  
  32  2:54  Overlord  
  32  2:57  Lair  
  32  3:10  Zergling x2  
  32  3:11  Zergling x4  
  35  3:16  Zergling x2  
  35  3:17  Zergling x2  
  37  3:23  Zergling x2  
  37  3:24  Zergling x10  
  43  3:29  Overlord  
  43  3:30  Zergling x2  
  44  4:12  Drone x3  
  44  4:13  Drone x5  
  44  4:14  Overlord x2  
  49  4:39  Infestation Pit  
  49  4:42  Drone x3, Evolution Chamber  
  49  4:43  Drone  
  49  4:44  Extractor, Evolution Chamber  
  49  4:45  Drone x2  
  51  4:46  Extractor, Drone x3  
  51  4:47  Drone x2  
  49  5:32  Drone x2  
  49  5:34  Drone  
  49  5:35  Drone  
  51  5:36  Drone x2  
  51  5:37  Drone x3  
  51  5:38  Drone x2  
  51  5:42  Spore Crawler  
  57  5:44  Spore Crawler  
Show
View Real Time Build Order
Export as new Build Order

BioLogical Zerg 

Build Orders: Hatch First 

Get SALT Encoding   

  12  0:01  Drone  
  13  0:14  Overlord  
  14  0:21  Drone  
  14  0:34  Drone x2  
  16  0:37  Drone  
  17  0:55  Hatchery  
  16  1:00  Drone  
  16  1:01  Drone  
  18  1:14  Extractor  
  18  1:17  Spawning Pool  
  16  1:20  Drone  
  16  1:22  Drone  
  18  1:31  Drone  
  19  1:41  Overlord  
  19  1:58  Drone  
  20  2:05  Queen, Zergling x2  
  20  2:08  Queen  
  25  2:09  Drone  
  26  2:19  Drone  
  26  2:20  Extractor  
  26  2:21  Drone  
  27  2:33  Drone  
  27  2:34  Drone  
  29  2:43  Lair  
  29  2:50  Drone x3  
  32  2:54  Roach Warren  
  31  3:01  Drone x3  
  34  3:07  Overlord  
  34  3:14  Overlord x2  
  34  3:19  Drone x2  
  36  3:28  Extractor, Drone  
  36  3:29  Drone x3  
  36  3:33  Burrow  
  39  3:38  Drone x2  
  39  3:41  Drone  
  42  3:45  Glial Reconstitution  
  42  3:51  Drone x2  
  42  3:52  Drone  
  46  3:55  Roach  
  46  3:57  Roach  
  46  4:01  Roach  
  50  4:05  Roach x2  
  56  4:10  Roach  
  56  4:14  Drone  
  57  4:22  Overlord  
  57  4:23  Overlord x2  
  57  4:31  Roach  
  59  4:38  Overlord  
  59  4:43  Roach  
  59  4:44  Roach x4  
  69  5:00  Roach  
  69  5:01  Roach x5  
  81  5:08  Drone  
  82  5:14  Roach  
  84  5:32  Roach x4  
  84  5:35  Overlord x4  
  92  5:40  Hatchery  
  91  5:46  Evolution Chamber  
  91  5:48  Evolution Chamber  
Show
View Real Time Build Order
Export as new Build Order

SUPERBRUNO Zerg 

Build Orders: Pool First 

Get SALT Encoding   

  12  0:06  Drone  
  13  0:15  Drone  
  14  0:30  Spawning Pool, Drone  
  14  0:42  Extractor  
  14  0:44  Extractor, Drone  
  14  0:45  Drone  
  14  0:58  Overlord  
  14  1:02  Overlord  
  14  1:17  Drone x2  
  16  1:30  Metabolic Boost  
  16  1:37  Zergling x2  
  16  1:38  Zergling x2  
  18  1:48  Zergling x2  
  18  1:49  Queen  
  21  2:00  Zergling x2  
  22  2:11  Zergling x2  
  23  2:21  Hatchery  
  23  2:22  Zergling x2  
  23  2:31  Zergling x2  
  24  2:42  Zergling x2  
  23  2:54  Zergling x2  
  22  2:59  Zergling x4  
  22  3:01  Zergling x2  
  24  3:06  Zergling x2  
  25  3:17  Drone  
  26  3:25  Queen  
  28  3:28  Drone  
  29  3:34  Drone  
  29  3:39  Queen, Drone x2  
  34  3:41  Drone  
  35  3:54  Hatchery  
  34  3:56  Zergling x2  
  35  4:06  Overlord x2  
  35  4:13  Overlord  
  35  4:25  Overlord  
  35  4:26  Drone x2  
  35  4:27  Drone x2  
  39  4:33  Zergling x4  
  39  4:38  Zergling x2  
  42  4:44  Zergling x4  
  44  4:49  Zergling x2, Drone  
  44  4:50  Overlord  
  44  4:52  Drone  
  47  4:55  Zergling x2  
  48  5:00  Zergling x4  
  48  5:04  Zergling x4  
  52  5:07  Zergling x2  
  52  5:13  Overlord  
  53  5:22  Zergling x2  
  53  5:24  Zergling x2, Drone  
  53  5:26  Drone  
  53  5:27  Drone  
  57  5:37  Drone x2  
Tags
 
Add a new tag
Caveats
  • Supply blocks, unpowered buildings, or Contaminate may cause inaccurate times.
  • Supply counts are checked every 10 seconds.